 Dungeon Crawl Stone Soup version 0.29-a0-284-gf9362112df (webtiles) character file.

Game seed: 156922520512079958

14 MisterAzrael the Caller (level 2, -16/15 HPs)
             Began as a Deep Elf Summoner on Mar 31, 2022.
             Engulfed by a cloud of flame (31 damage)
             ... on level 1 of the Dungeon.
             The game lasted 00:01:05 (1272 turns).

MisterAzrael the Caller (Deep Elf Summoner)         Turns: 1272, Time: 00:01:06

Health: -16/15     AC:  2    Str:  5    XL:     2   Next: 27%
Magic:  8/8        EV: 12    Int: 19    God:
Gold:   42         SH:  0    Dex: 15    Spells: 5/8 levels left

rFire   . . .      SeeInvis .   c - +1 dagger (venom)
rCold   . . .      Faith    .   (no shield)
rNeg    . . .      Spirit   .   a - +0 robe
rPois   .          Reflect  .   (no helmet)
rElec   .          Harm     .   (no cloak)
rCorr   .          Rampage  .   (no gloves)
Will    .....                   (no boots)
Stlth   ++........              (no amulet)
HPRegen 0.05/turn               (no ring)
MPRegen 0.11/turn               (no ring)

@: no status effects
A: no striking features
a: no special abilities


You were on level 1 of the Dungeon.
You visited 1 branch of the dungeon, and saw 1 of its levels.

You collected 42 gold pieces.

Inventory:

Hand Weapons
 c - a +1 dagger of venom (weapon)
Armour
 a - a +0 robe (worn)
Jewellery
 d - an amulet of reflection
Potions
 b - a potion of magic


   Skills:
 - Level 2.5 Dodging
 - Level 2.6 Stealth
 + Level 3.5 Spellcasting
 + Level 4.6 Summonings


You had 5 spell levels left.
You knew the following spells:

 Your Spells              Type           Power      Damage    Failure   Level
a - Summon Small Mammal   Summ           84%        N/A       2%          1
b - Call Imp              Summ           21%        N/A       3%          2

Your spell library contained the following spells:

 Spells                   Type           Power      Damage    Failure   Level
 Call Canine Familiar     Summ           21%        N/A       6%          3
 Summon Guardian Golem    Hex/Summ       12%        N/A       17%         3
 Summon Lightning Spire   Summ/Air       12%        N/A       50%         4


Dungeon Overview and Level Annotations

Branches:
Dungeon (1/15)

Altars:


Message History

You see here a +0 halberd.
Found a faded altar of an unknown god.
There is a faded altar of an unknown god here.
d - an amulet of reflection A rat comes into view.
A rat is nearby!
Your quokka bites the rat.
The rat dies!
You swap places.
An endoplasm comes into view.
An endoplasm is nearby!
A beastly little devil appears in a puff of flame.
You swap places.
You swap places.
You swap places.
You swap places.
Your quokka disappears in a puff of smoke!
Your crimson imp blinks!
The helpless endoplasm fails to defend itself.
You puncture the endoplasm!
You kill the endoplasm!
Your crimson imp blinks!
You swap places.
Your crimson imp blinks!
You swap places.
Key pressed, stopping explore.
You swap places.
Your crimson imp blinks!
There is a stone staircase leading down here.
Your crimson imp disappears in a puff of smoke!
Key pressed, stopping explore.
Partly explored, can't reach some items and places.
Really walk into a travel-excluded area? [Y]es or [N]o only, please.
Really walk into a travel-excluded area? [Y]es or [N]o only, please.
Really walk into a travel-excluded area?
You are engulfed in blazing flames.
Ouch! That really hurt!
You die...

########## ##........#
#...#####.# #☼.@# #.#
#§§.# #.# #§§§# #.#
#...#####.#
..$..§☼...##########
§.$.$.§.○...........#
§§.$$$.§§°.####.####.#
####...#########.#
#... #☼§§# #.....#
#..#


There were no monsters in sight!

Vanquished Creatures
  2 ball pythons (D:1)
  An endoplasm (D:1)
  A giant cockroach (D:1)
  A hobgoblin (D:1)
  A kobold (D:1)
  A rat (D:1)
7 creatures vanquished.

Vanquished Creatures (collateral kills)
  A ball python (D:1)
  A goblin (D:1)
  2 kobolds (D:1)
  A rat (D:1)
5 creatures vanquished.

Grand Total: 12 creatures vanquished

Notes
Turn   | Place    | Note
-------+----------+-------------------------------------------
     0 | D:1      | MisterAzrael the Deep Elf Summoner began the quest for the
                  | Orb.
     0 | D:1      | Reached XP level 1. HP: 10/10 MP: 6/6
   370 | D:1      | Reached XP level 2. HP: 13/15 MP: 6/8
   541 | D:1      | Learned a level 2 spell: Call Imp
   945 | D:1      | Found a faded altar of an unknown god.
  1272 | D:1      | Engulfed by a cloud of flame

Illustrated notes

Levels and vault maps discovered:
D:1:      dpeg_arrival_lava_temple_mockup, layout_loops_ring,
          basic_ecumenical_altar, corexii_hall_statues_x,
          minmay_misc_feat_four_crosses, st_stairs_13, lemuel_flame_loot_1

Action                   || total
-------------------------++-------
Melee: Dagger            ||    13
 Cast: Summon Small Mamm ||     7
       Call Imp          ||     4
 Stab: Sleeping          ||     3
Armor: Robe              ||     7
Dodge: Dodged            ||    12

Table legend: (Time is in decaauts)
 A = Elapsed time spent in this place.
 B = Non-inter-level travel time spent in this place.
 C = Inter-level travel time spent in this place.
 D = Time resting spent in this place.
 E = Time spent auto-exploring this place.
 F = Levels seen in this place.
 G = Mean time per level.
                   A        B        C        D        E       F      G
               +--------+--------+--------+--------+--------+-----+--------+
         Total |   1271 |   1271 |      0 |    139 |    989 |   1 | 1271.0 |
       Dungeon |   1271 |   1271 |      0 |    139 |    989 |   1 | 1271.0 |
               +--------+--------+--------+--------+--------+-----+--------+

Top non-repeatable levels by time:
     D:1: 1271 daAuts
